 Dungeon Crawl Stone Soup version 0.29.1-15-g9cfb28693d (webtiles) character file.

Game seed: 940662176437293698

46 Arctor the Firebug (level 3, -3/19 HPs)
             Began as a Gargoyle Fire Elementalist on Feb 26, 2023.
             Killed by divine providence
             ... invoked by an orc priest
              (13 damage)
             ... on level 3 of the Dungeon.
             The game lasted 00:03:08 (2100 turns).

Arctor the Firebug (Gargoyle Fire Elementalist)     Turns: 2100, Time: 00:03:08

Health: -3/19      AC: 10    Str: 17    XL:     3   Next: 66%
Magic:  1/6        EV: 12    Int: 17    God:
Gold:   64         SH:  0    Dex: 10    Spells: 5/6 levels left

rFire   . . .      SeeInvis .   (no weapon)
rCold   . . .      Faith    .   (no shield)
rNeg    + . .      Spirit   .   a - +0 robe
rPois   ∞          Reflect  .   q - +0 helmet
rElec   +          Harm     .   (no cloak)
rCorr   .          Rampage  .   (no gloves)
Will    .....                   (no boots)
Stlth   ++........              (no amulet)
HPRegen 0.06/turn               l - +6 ring of strength
MPRegen 0.10/turn               p - +4 ring of protection

@: no status effects
A: sickness immunity, AC +3, negative energy resistance 1, electricity
resistance, torment resistance 1, petrification resistance
a: no special abilities


You were on level 3 of the Dungeon.
You visited 1 branch of the dungeon, and saw 3 of its levels.

You collected 64 gold pieces.

Inventory:

Armour
 a - a +0 robe (worn)
 q - a +0 helmet (worn)
Jewellery
 h - a ring of positive energy
 l - a +6 ring of strength (left hand)
 p - a +4 ring of protection (right hand)
Scrolls
 d - 2 scrolls of identify {unknown}
 g - a scroll of enchant weapon {unknown}
 i - a scroll of poison {unknown}
 j - a scroll of vulnerability {unknown}
 k - a scroll of fear {unknown}
 m - a scroll of noise {unknown}
 n - a scroll of fog {unknown}
 o - 3 scrolls of amnesia {unknown}
 r - a scroll of teleportation {unknown}
Potions
 b - a potion of magic
 c - a potion of ambrosia {unknown}
 e - a potion of brilliance {unknown}
 f - a potion of degeneration {unknown}


   Skills:
 + Level 2.0 Dodging
 + Level 2.8 Stealth
 + Level 2.4 Spellcasting
 + Level 2.0 Conjurations
 + Level 3.3 Fire Magic


You had 5 spell levels left.
You knew the following spells:

 Your Spells              Type           Power      Damage    Failure   Level
a - Foxfire               Conj/Fire      44%        2x1d6     6%          1

Your spell library contained the following spells:

 Spells                   Type           Power      Damage    Failure   Level
 Scorch                   Fire           26%        2d6       7%          2
 Conjure Flame            Conj/Fire      11%        6-21      19%         3
 Inner Flame              Hex/Fire       7%         N/A       28%         3
 Dazzling Flash           Conj/Hex       10%        N/A       36%         3
 Flame Wave               Conj/Fire      11%        2d6       52%         4
 Iskenderun's Mystic Bla  Conj/Tloc      5%         2d3       77%         4
 Petrify                  Tmut/Erth      2%         N/A       88%         4
 Irradiate                Conj/Tmut      2%         3d12      98%         5
 Starburst                Conj/Fire      5%         6d4       100%        6
 Sublimation of Blood     Necr           Unusable   N/A       N/A         2

Dungeon Overview and Level Annotations

Branches:
Dungeon (3/15)

Altars:
Okawaru


Innate Abilities, Weirdness & Mutations

You are immune to sickness and miasma.
Your stone body is resilient. (AC +3)
You are immune to poison.
You resist negative energy. (rN+)
You are resistant to electric shocks. (rElec)
You are resistant to unholy torment.
You are immune to petrification.


Message History

The orc attacks as you move away! The orc misses you.
A rat comes into view.
Casting: Foxfire (safe; 6% risk of failure)
Confirm with . or Enter, or press ? or * to list all spells.
You conjure some foxfire!
The foxfire hits the orc.
The orc completely resists.
The orc priest invokes the aid of Beogh against you.
Pain shoots through your body!
Casting: Foxfire (safe; 6% risk of failure)
Confirm with . or Enter, or press ? or * to list all spells.
You conjure some foxfire!
The foxfire hits the orc priest.
The orc priest is lightly wounded.
The foxfire hits the orc priest.
The orc priest is heavily wounded.
Unknown command.
Unknown command.
The orc attacks as you move away! The orc misses you.
The foxfire hits the orc but does no damage.
The orc priest attacks as you move away!
The orc priest hits you but does no damage.
A hobgoblin comes into view.
The orc priest looks braver for a moment.
Casting: Foxfire (safe; 6% risk of failure)
Confirm with . or Enter, or press ? or * to list all spells.
You conjure some foxfire!
The orc hits you with a +0 whip.
You hit the orc but do no damage. The orc hits you but does no damage.
You barely miss the orc. You punch the orc, but do no damage.
The orc hits you with a +0 whip.
You hit the orc but do no damage. The orc hits you but does no damage.
You hit the orc but do no damage.
The hobgoblin shouts!
The orc barely misses you.
Unknown command.
You closely miss the orc. The orc closely misses you.
You hit the orc but do no damage. The orc closely misses you.
You closely miss the orc. The orc hits you but does no damage.
You completely miss the orc. The orc completely misses you.
The orc priest calls down the wrath of Beogh upon you.
Beogh smites you!
Ouch! That really hurt!
You die...

#.# #....#####~~
####.###.#.###~#~~#
##.......o..# #~#~~#
#........>### #~~~##
#....###.# #~~~#
#.#####.#####.######~~#
#.....roo.........###~#
#######o#####.###.#
#~## #@# #.# #~~~ #.#
... #~~~ #g# #.#. ##~#
#.# ...b# #~# #.# #.. #
### #.# .. .. #.# # #.#
# #


You could see an orc priest, 2 orcs, a hobgoblin and a rat.

Vanquished Creatures
  2 orcs (D:3)
  5 bats
  3 endoplasms
  3 giant cockroaches
  4 hobgoblins
  A jackal (D:2)
  6 kobolds
  A quokka (D:2)
  5 ball pythons
  2 frilled lizards (D:1)
  A goblin (D:1)
  6 rats
39 creatures vanquished.

Vanquished Creatures (others)
  158 foxfires
158 creatures vanquished.

Grand Total: 197 creatures vanquished

Notes
Turn   | Place    | Note
-------+----------+-------------------------------------------
     0 | D:1      | Arctor the Gargoyle Fire Elementalist began the quest for
                  | the Orb.
     0 | D:1      | Reached XP level 1. HP: 10/10 MP: 3/3
    75 | D:1      | Found a faded altar of an unknown god.
   256 | D:1      | Reached XP level 2. HP: 11/15 MP: 0/5
   961 | D:2      | Found an iron altar of Okawaru.
  1044 | D:2      | Reached XP level 3. HP: 16/19 MP: 2/6
  2100 | D:3      | Killed from afar by an orc priest

Illustrated notes

Levels and vault maps discovered:
D:1:      dpeg_arrival_tiny_b, layout_basic, hellmonk_ecumenical_altar_blasted,
          minivault_23
D:2:      layout_rooms, basic_altar, minmay_tiny_reverse_x
D:3:      layout_basic, portal_sewer_entry_a, chequers_serial_rivers_large_b,
          uniq_crazy_yiuf_cottage, uniq_terence

Skill      XL: |  1  2  3 |
---------------+----------+-----
Dodging        | 2 |  2.0
Conjurations   | 2 |  2.0
Stealth        | |  2.8
Spellcasting   | |  2.4
Fire Magic     | |  3.3

Action                   || total
-------------------------++-------
Melee: Unarmed           ||    41
       Punch             ||     1
 Cast: Foxfire           ||   102
Armor: Robe              ||    32
Dodge: Dodged            ||    54
